 Dungeon Crawl Stone Soup version 0.31-a0-981-geadf994542 (webtiles) character file.

Game seed: 4297096449396142433

90097 miscthings the Prestidigitator (level 15, -3/118 HPs)
             Began as a Gnoll Artificer on Nov 2, 2023.
             Was the Champion of Okawaru.
             Constricted to death by a shambling mangrove (7 damage)
             ... on level 4 of the Swamp.
             The game lasted 00:54:58 (19635 turns).

miscthings the Prestidigitator (Gnoll Artificer)   Turns: 19635, Time: 00:54:59

Health: -3/118     AC: 40    Str: 18    XL:     15   Next: 99%
Magic:  38/38      EV:  6    Int: 13    God:    Okawaru [******]
Gold:   3239       SH: 12    Dex: 17    Spells: 26/35 levels left

rFire   + . .        H - +9 lance "Wyrmbane" {slay drac, rPois rF+ rC+ AC+3}
rCold   + . .        B - +0 kite shield
rNeg    + + +        U - +15 Maxwell's patent armour {-Cast -Tele rElec Will+ rCorr}
rPois   +            x - +2 hat
rElec   +            W - +0 cloak "Lashreob" {rElec rN+ Str+4}
rCorr   +            R - +0 pair of gloves
SInv    +            X - +1 pair of boots of the Holding Gods {rN+++ Regen+ Str-2 Dex+4}
Will    ++...        V - amulet of regeneration Stlth
                     A - ring of magical power
HPRegen 1.99/turn    P - ring of see invisible
MPRegen 0.26/turn

%: no teleportation, no spellcasting
@: grasped by roots, constricted, invisible
A: fangs 1, strong nose, distributed training
a: Renounce Religion, Heroism, Finesse, Duel


You were on level 4 of the Swamp.
You worshipped Okawaru.
Okawaru was exalted by your worship.
You visited 5 branches of the dungeon, and saw 23 of its levels.
You also visited: Ossuary, Ice Cave and Volcano.

You collected 3382 gold pieces.
You spent 143 gold pieces at shops.

Inventory:

Hand Weapons
 r - a +0 demon whip of venom
 H - the +9 lance "Wyrmbane" (weapon) {slay drac, rPois rF+ rC+ AC+3}
   (You found it on level 8 of the Dungeon)

   AC+3:      It affects your AC (+3).
   rF+:       It protects you from fire.
   rC+:       It protects you from cold.
   rPois:     It protects you from poison
Missiles
 j - 21 silver javelins
 C - 3 curare-tipped darts (quivered)
 K - 12 atropa-tipped darts
Armour
 i - a +0 robe of cold resistance
 p - a +3 scale mail of fire resistance
 x - a +2 hat (worn)
 B - a +0 kite shield (worn)
 F - +0 acid dragon scales
 I - +0 swamp dragon scales
 O - a +0 buckler
 R - a +0 pair of gloves (worn)
 U - the +15 Maxwell's patent armour (worn) {-Cast -Tele rElec Will+ rCorr}
   (You acquired it on level 10 of the Dungeon)

   rElec:     It insulates you from electricity.
   Will+:     It increases your willpower.
   -Cast:     It prevents spellcasting.
   -Tele:     It prevents most forms of teleportation.
   rCorr:     It protects you from acid and corrosion.
 W - the +0 cloak "Lashreob" (worn) {rElec rN+ Str+4}
   (Okawaru gifted it to you on level 11 of the Dungeon)

   Str+4:     It affects your strength (+4).
   rElec:     It insulates you from electricity.
   rN+:       It protects you from negative energy.
 X - the +1 pair of boots of the Holding Gods (worn) {rN+++ Regen+ Str-2 Dex+4}
   (You acquired it in an ice cave)

   Str-2:     It affects your strength (-2).
   Dex+4:     It affects your dexterity (+4).
   rN+++:     It renders you almost immune to negative energy.
   Regen+:    It increases your rate of health regeneration.
Magical Staves
 g - a staff of death
 k - a staff of cold
Jewellery
 f - an amulet of guardian spirit
 A - a ring of magical power (left hand)
 P - a ring of see invisible (right hand)
 V - an amulet of regeneration (around neck)
Wands
 b - a wand of polymorph (1)
 c - a wand of flame (52)
 d - a wand of charming (51)
 e - a wand of iceblast (1)
 t - a wand of roots (3)
 G - a wand of digging (8)
 T - a wand of light (15)
Scrolls
 a - 9 scrolls of teleportation
 q - a scroll of fear
 w - 2 scrolls of vulnerability
 y - 2 scrolls of revelation
 E - 2 scrolls of enchant armour
 N - 2 scrolls of poison
 Y - a scroll of blinking
Potions
 h - a potion of brilliance
 l - a potion of heal wounds
 m - 4 potions of might
 n - a potion of attraction
 o - 2 potions of enlightenment
 s - 8 potions of haste
 u - 3 potions of resistance
 v - 2 potions of cancellation
 z - 3 potions of curing
 D - a potion of ambrosia
 J - 3 potions of magic
 L - a potion of invisibility
 M - a potion of berserk rage
 Q - 2 potions of lignification
 S - a potion of mutation


   Skills:
 + Level 11.0 Fighting
 + Level 10.7 Short Blades
 + Level 10.7 Long Blades
 + Level 10.7 Axes
 + Level 10.7 Maces & Flails
 + Level 10.7 Polearms
 + Level 10.7 Staves
 + Level 10.7 Ranged Weapons
 + Level 10.7 Throwing
 + Level 11.6 Armour
 + Level 11.0 Dodging
 + Level 11.0 Stealth
 + Level 10.7 Shields
 + Level 10.7 Unarmed Combat
 + Level 10.7 Spellcasting
 + Level 9.0 Conjurations
 + Level 9.0 Hexes
 + Level 9.0 Summonings
 + Level 9.0 Necromancy
 + Level 9.0 Translocations
 + Level 9.0 Transmutations
 + Level 9.0 Fire Magic
 + Level 9.0 Ice Magic
 + Level 9.0 Air Magic
 + Level 9.0 Earth Magic
 + Level 9.0 Poison Magic
 + Level 11.6 Invocations
 + Level 12.4 Evocations
 + Level 9.8 Shapeshifting


You had 26 spell levels left.
You knew the following spells:

 Your Spells              Type           Power      Damage    Failure   Level
a - Mephitic Cloud        Conj/Pois/Air  30%        N/A       28%         3
b - Fulminant Prism       Conj/Hex       15%        3d10      67%         4
c - Poisonous Vapours     Pois/Air       60%        N/A       14%         2

Your spell library contained the following spells:

 Spells                   Type           Power      Damage    Failure   Level
 Apportation              Tloc           60%        N/A       10%         1
 Foxfire                  Conj/Fire      100%       2x1d9     10%         1
 Magic Dart               Conj           100%       1d8       10%         1
 Blink                    Tloc           60%        N/A       14%         2
 Cigotuvi's Dreadful Rot  Necr/Pois/Air  60%        N/A       14%         2
 Jinxbite                 Hex            60%        N/A       14%         2
 Static Discharge         Conj/Air       60%        3-6/arc   14%         2
 Ignite Poison            Fire/Tmut/Pois 30%        N/A       28%         3
 Inner Flame              Hex/Fire       30%        N/A       28%         3
 Sigil of Binding         Hex            30%        N/A       28%         3
 Volatile Blastmotes      Fire/Tloc      60%        2d15      28%         3
 Airstrike                Air            15%        2d(3-19)  67%         4
 Dimensional Bullseye     Hex/Tloc       15%        N/A       67%         4
 Flame Wave               Conj/Fire      30%        2d9       67%         4
 Iskenderun's Mystic Bla  Conj/Tloc      30%        2d8       67%         4
 Leda's Liquefaction      Hex/Erth       15%        N/A       67%         4
 Manifold Assault         Tloc           30%        N/A       67%         4
 Sticky Flame             Conj/Fire      30%        2d5       67%         4
 Alistair's Intoxication  Tmut/Pois      20%        N/A       95%         5
 Freezing Cloud           Conj/Ice/Air   15%        6-21      95%         5
 Iskenderun's Battlesphe  Conj           30%        2d8       95%         5
 Bombard                  Conj/Erth      15%        9d3       100%        6
 Dispersal                Tloc           15%        N/A       100%        6
 Plasma Beam              Fire/Air       15%        2x1d26    100%        6
 Starburst                Conj/Fire      15%        6d6       100%        6
 Orb of Destruction       Conj           15%        9d7       100%        7
 Disjunction              Tloc           15%        N/A       100%        8
 Call Imp                 Summ           Unusable   N/A       N/A         2
 Call Canine Familiar     Summ           Unusable   N/A       N/A         3
 Summon Guardian Golem    Hex/Summ       Unusable   N/A       N/A         3
 Summon Lightning Spire   Summ/Air       Unusable   N/A       N/A         4
 Spellforged Servitor     Conj/Summ      Unusable   N/A       N/A         7

Dungeon Overview and Level Annotations

Branches:
Dungeon (12/15)            Temple (1/1) D:4            Lair (4/5) D:11
  Swamp (4/4) Lair:2       Spider (0/4) Lair:3          Orc (2/2) D:12
    Elf (0/3) Orc:2       Ossuary (visited)           IceCv (visited)
Volcano (visited)
  Slime: Lair:4-5

Altars:
Ashenzari
Cheibriados
Dithmenos
Elyvilon
Fedhas
Gozag
Hepliaklqana
Kikubaaqudgha
Makhleb
Nemelex Xobeh
Okawaru
Qazlal
Ru
Sif Muna
Trog
Uskayaw
Vehumet
Wu Jian
Xom
Yredelemnul
Zin
The Shining One
Lugonu

Shops:
D:1 :   Orc:2 [=*(


Innate Abilities, Weirdness & Mutations

You have very sharp teeth.
Your uncanny sense of smell can sniff out nearby items.
Your experience applies equally to all skills.


Message History

You hit the shambling mangrove.
The shambling mangrove is severely damaged.
The grasping roots constrict the shambling mangrove.
Angry insects surge out from beneath the shambling mangrove's foliage!
The shambling mangrove hits you!
* * * LOW HITPOINT WARNING * * *
The grasping roots constrict you.
You fade into invisibility!
The grasping roots constrict the shambling mangrove!
The hornet stings you!
* * * LOW HITPOINT WARNING * * *
You are poisoned.
You feel yourself slow down. The hornet closely misses you.
You block the shambling mangrove's attack.
The grasping roots constrict you.
You feel better.
The grasping roots constrict the shambling mangrove!
The roots release their grip on the shambling mangrove.
The hornet stings you but does no damage.
The hornet barely misses you.
The hornet stings you but does no damage. x2
You block the hornet's attack. x2
The shambling mangrove hits you but does no damage.
The grasping roots constrict you.
* * * LOW HITPOINT WARNING * * *
You puncture the shambling mangrove!
The shambling mangrove is almost destroyed.
You block the hornet's attack.
The hornet stings you but does no damage.
The hornet barely misses you.
The hornet stings you but does no damage. x2
You block the hornet's attack. The grasping roots constrict you.
* * * LOW HITPOINT WARNING * * *
You puncture the hornet!
The hornet is moderately wounded.
You feel yourself speed up. You block the hornet's attack.
The hornet stings you!
* * * LOW HITPOINT WARNING * * *
You block the hornet's attack. x2; The grasping roots constrict you!
You die...

♣♣♣♣♣ ♣♣ ♣♣♣♣♣..~♣♣♣♣♣♣
♣~♣ ♣~..~~~~♣♣.~§♣ §<~♣
♣♣~~.~~~~♣.~.♣ ....♣♣♣
♣♣♣y~.~..~~~♣
~..~..♣♣♣♣♣♣♣ ♣y@.†~~~♣♣♣
~~~~~~.♣♣...♣♣♣†y.~§~.♣
...~~~~♣♣~§~~)§)§~~~~.♣♣
♣~..i♣~~~~~f†~~~~~~~.♣
.~~~♣♣./♣§~~§~~~~.~..♣♣♣♣
~~~ ♣~§~♣♣♣♣~~§~~♣♣♣....♣
♣~..~...♣ ♣.~§~§♣ ♣♣~<.♣
~~§~♣♣♣♣♣ ♣♣~~~♣♣ ♣♣.~♣♣
~~§. ♣~.~♣♣♣♣...♣♣


You could see a shambling mangrove (unable to see you) and 3 hornets.

Vanquished Creatures
  A fenstrider witch (Swamp:2)
  The ghost of MrSquiggles the Cleaver, a journeyman MiFi of Okawaru (Orc:2)
  An orc warlord (Orc:2)
  4 eleionomae
  A minotaur (Orc:2)
  5 bunyips
  A shambling mangrove (Swamp:3)
  Erolcha (D:9)
  A ghost crab (Swamp:2)
  6 two-headed ogres
  4 hydras
  A catoblepas (D:9)
  6 alligators
  A boulder beetle (D:12)
  Urug (Orc:2)
  2 orc high priests (Orc:2)
  A hell knight (Volcano)
  Nergalle (Orc:2)
  2 salamander mystics (Volcano)
  Amaemon (D:8)
  4 skeletal warriors (D:12)
  4 goliath frogs
  3 spriggan druids
  A death drake (Swamp:2)
  4 orc knights
  A swamp dragon (Swamp:1)
  11 bog bodies
  2 deep elf pyromancers
  A deep elf zephyrmancer (Orc:1)
  3 ugly things
  2 orc sorcerers (Orc:2)
  A salamander (Volcano)
  2 manticores
  4 will-o-the-wisps
  5 cyclopes
  An oklob plant (D:8)
  9 elephants
  2 black mambas (Lair:1)
  4 molten gargoyles (Volcano)
  A gargoyle (Volcano)
  3 ice statues (IceCv)
  An orange demon (D:8)
  An eye of devastation (D:10)
  A kobold demonologist (D:12)
  6 cane toads
  An efreet (Volcano)
  4 rime drakes
  A komodo dragon (Lair:2)
  8 trolls
  7 tyrant leeches
  2 polar bears (Lair:3)
  12 hornets
  Prince Ribbit (D:7)
  2 bloated husks
  4 blink frogs (Lair:3)
  11 spriggans
  A shadow (D:9)
  A vampire (D:12)
  A dire elephant simulacrum (IceCv)
  A wyvern (Lair:2)
  3 wraiths (D:12)
  28 yaks
  Eustachio (D:4)
  Grum (D:8)
  A basilisk (D:12)
  A steam dragon (D:7)
  21 vampire mosquitoes
  3 acid dragons
  14 two-headed ogre zombies (D:9)
  2 wargs (Orc:2)
  A death yak simulacrum (IceCv)
  12 swamp worms
  A hydra simulacrum (IceCv)
  8 water moccasins
  5 swamp drakes
  34 orc warriors
  2 black bears
  3 ice beasts
  A sky beast (D:8)
  9 wolves
  4 centaurs
  9 ogres
  A phantom (D:7)
  2 kobold brigands
  Blork the orc (D:4)
  14 bullfrogs
  2 gnoll sergeants (D:9)
  5 scorpions
  2 cane toad simulacra (IceCv)
  8 wights
  11 killer bees
  4 howler monkeys
  A crimson imp (Orc:1)
  2 hounds
  13 orc priests
  A jelly (D:5)
  3 gnoll boudas
  4 iguanas
  An iron imp (Orc:1)
  3 sleepcaps
  32 orc wizards
  2 polar bear simulacra (IceCv)
  2 hell rats (Lair:3)
  2 wolf simulacra (IceCv)
  A mummy (Ossuary)
  8 gnolls
  10 river rats (Lair:3)
  7 adders
  A shadow imp (Orc:1)
  2 white imps
  2 worms (D:2)
  75 orcs
  3 spectral bats (Ossuary)
  4 bats
  6 endoplasms
  A giant cockroach (D:3)
  12 gnoll zombies (Ossuary)
  8 goblins
  6 hobgoblins
  13 jackals
  13 kobolds
  A quokka (D:1)
  9 ball pythons
  3 bat simulacra (Ossuary)
  2 frilled lizards (D:1)
  A goblin simulacrum (Ossuary)
  5 goblin zombies (Ossuary)
  2 hobgoblin zombies (Ossuary)
  3 kobold simulacra (Ossuary)
  4 kobold zombies (Ossuary)
  7 orc zombies (Ossuary)
  9 rats
  8 rat simulacra (Ossuary)
  3 spectral goblins (Ossuary)
  6 spectral kobolds (Ossuary)
  2 spectral rats (Ossuary)
693 creatures vanquished.

Vanquished Creatures (others)
  A fenstrider witch (Swamp:1)
  2 bloated husks
  A spriggan (Swamp:4)
  2 swamp worms (Swamp:2)
  An orc wizard (Orc:1)
  22 foxfires
  A fulminant prism (D:9)
30 creatures vanquished.

Grand Total: 723 creatures vanquished

Notes
Turn   | Place    | Note
-------+----------+-------------------------------------------
     0 | D:1      | miscthings the Gnoll Artificer began the quest for the Orb.
     0 | D:1      | Reached XP level 1. HP: 17/17 MP: 1/1
    61 | D:1      | Found Pyv Tor's Book Emporium.
   253 | D:1      | Reached XP level 2. HP: 23/23 MP: 2/2
   412 | D:1      | Found a faded altar of an unknown god.
   653 | D:1      | Reached XP level 3. HP: 28/28 MP: 3/3
  1033 | D:2      | Reached skill level 1 in Invocations
  1179 | D:2      | Reached skill level 1 in Short Blades
  1179 | D:2      | Reached skill level 1 in Long Blades
  1179 | D:2      | Reached skill level 1 in Axes
  1179 | D:2      | Reached skill level 1 in Maces & Flails
  1179 | D:2      | Reached skill level 1 in Polearms
  1179 | D:2      | Reached skill level 1 in Staves
  1179 | D:2      | Reached skill level 1 in Ranged Weapons
  1179 | D:2      | Reached skill level 1 in Throwing
  1179 | D:2      | Reached skill level 1 in Shields
  1179 | D:2      | Reached skill level 1 in Unarmed Combat
  1179 | D:2      | Reached skill level 1 in Spellcasting
  1232 | D:2      | Reached XP level 4. HP: 29/34 MP: 5/5
  1280 | D:2      | Reached skill level 1 in Shapeshifting
  1891 | D:3      | Found an ornate altar of the Wu Jian Council.
  2015 | D:4      | Noticed Blork the orc
  2043 | D:4      | Reached skill level 1 in Conjurations
  2043 | D:4      | Reached skill level 1 in Hexes
  2043 | D:4      | Reached skill level 1 in Summonings
  2043 | D:4      | Reached skill level 1 in Necromancy
  2043 | D:4      | Reached skill level 1 in Translocations
  2043 | D:4      | Reached skill level 1 in Transmutations
  2043 | D:4      | Reached skill level 1 in Fire Magic
  2043 | D:4      | Reached skill level 1 in Ice Magic
  2043 | D:4      | Reached skill level 1 in Air Magic
  2043 | D:4      | Reached skill level 1 in Earth Magic
  2043 | D:4      | Reached skill level 1 in Poison Magic
  2062 | D:4      | Found a staircase to the Ecumenical Temple.
  2069 | Temple   | Entered the Ecumenical Temple
  2087 | Temple   | Became a worshipper of Warmaster Okawaru
  2140 | D:4      | Found an ancient bone altar of Kikubaaqudgha.
  2165 | D:4      | Reached XP level 5. HP: 27/40 MP: 5/7
  2183 | D:4      | Noticed an ogre
  2191 | D:4      | Killed an ogre
  2355 | D:4      | Reached skill level 5 in Armour
  2355 | D:4      | Reached XP level 6. HP: 21/47 MP: 7/9
  2363 | D:4      | Found a broken altar of Ashenzari.
  2646 | D:4      | Reached * piety under Okawaru
  2698 | D:4      | Noticed Eustachio
  2705 | D:4      | Killed Eustachio
  2706 | D:4      | Reached skill level 7 in Evocations
  2706 | D:4      | Reached XP level 7. HP: 27/52 MP: 10/10
  2740 | D:4      | HP: 2/52 [Blork the orc/+0 war axe (10)]
  2741 | D:4      | Killed Blork the orc
  3089 | D:5      | Entered Level 5 of the Dungeon
  3109 | D:5      | Reached ** piety under Okawaru
  3346 | D:5      | Found a shadowy altar of Dithmenos.
  3390 | D:5      | Reached XP level 8. HP: 37/60 MP: 12/12
  3779 | D:5      | Noticed a hornet
  3790 | D:5      | Killed a hornet
  3790 | D:5      | Reached *** piety under Okawaru
  3852 | D:5      | Found a shimmering altar of Xom.
  4061 | D:6      | Reached XP level 9. HP: 44/66 MP: 14/14
  4138 | D:6      | Noticed a troll
  4151 | D:6      | Killed a troll
  4225 | D:6      | Reached skill level 5 in Fighting
  4225 | D:6      | Reached skill level 5 in Dodging
  4374 | D:6      | Reached **** piety under Okawaru
  4412 | D:6      | Reached skill level 5 in Stealth
  4534 | D:6      | Found a sand-covered staircase.
  4543 | Ossuary  | Entered an ossuary
  4828 | Ossuary  | Reached skill level 8 in Evocations
  5049 | D:6      | Reached skill level 5 in Invocations
  5749 | D:7      | Found a glowing silver altar of Zin.
  5778 | D:7      | Noticed Joseph
  5785 | D:7      | Joseph changed into Joseph the water moccasin
  5785 | D:7      | Noticed Joseph
  5806 | D:7      | Killed Joseph the water moccasin
  5821 | D:7      | Reached XP level 10. HP: 29/76 MP: 17/17
  5826 | D:7      | Reached skill level 5 in Short Blades
  5826 | D:7      | Reached skill level 5 in Long Blades
  5826 | D:7      | Reached skill level 5 in Axes
  5826 | D:7      | Reached skill level 5 in Maces & Flails
  5826 | D:7      | Reached skill level 5 in Polearms
  5826 | D:7      | Reached skill level 5 in Staves
  5826 | D:7      | Reached skill level 5 in Ranged Weapons
  5826 | D:7      | Reached skill level 5 in Throwing
  5826 | D:7      | Reached skill level 5 in Shields
  5826 | D:7      | Reached skill level 5 in Unarmed Combat
  5826 | D:7      | Reached skill level 5 in Spellcasting
  5991 | D:7      | Reached ***** piety under Okawaru
  6268 | D:7      | Received a gift from Okawaru
  6786 | D:8      | Reached skill level 5 in Shapeshifting
  6803 | D:8      | Learned a level 3 spell: Mephitic Cloud
  6808 | D:8      | Learned a level 4 spell: Fulminant Prism
  6809 | D:8      | Found a bloodstained altar of Trog.
  6837 | D:8      | Noticed Amaemon
  6840 | D:8      | Noticed an orange demon
  6843 | D:8      | Killed an orange demon
  6856 | D:8      | Killed Amaemon
  6870 | D:8      | Noticed Grum
  6938 | D:8      | Noticed Prince Ribbit
  6954 | D:7      | Killed Prince Ribbit
  6990 | D:8      | Noticed Maggie
  6991 | D:8      | Maggie changed into Maggie the wolf
  6991 | D:8      | Noticed Maggie
  7008 | D:8      | Killed Maggie the wolf
  7008 | D:8      | Received a gift from Okawaru
  7081 | D:8      | Reached XP level 11. HP: 79/83 MP: 19/19
  7184 | D:8      | Reached skill level 9 in Evocations
  7198 | D:8      | Reached skill level 5 in Conjurations
  7198 | D:8      | Reached skill level 5 in Hexes
  7198 | D:8      | Reached skill level 5 in Summonings
  7198 | D:8      | Reached skill level 5 in Necromancy
  7198 | D:8      | Reached skill level 5 in Translocations
  7198 | D:8      | Reached skill level 5 in Transmutations
  7198 | D:8      | Reached skill level 5 in Fire Magic
  7198 | D:8      | Reached skill level 5 in Ice Magic
  7198 | D:8      | Reached skill level 5 in Air Magic
  7198 | D:8      | Reached skill level 5 in Earth Magic
  7198 | D:8      | Reached skill level 5 in Poison Magic
  7206 | D:8      | Killed Grum
  7276 | D:8      | Found a sacrificial altar of Ru.
  7430 | D:8      | Found a shimmering blue altar of Sif Muna.
  7575 | D:8      | Found a blossoming altar of Fedhas.
  7595 | D:8      | Noticed an oklob plant
  7738 | D:8      | Killed an oklob plant
  7792 | D:9      | Found a radiant altar of Vehumet.
  7925 | D:9      | Found a hide-covered altar of Uskayaw.
  7959 | D:9      | Found a hazy altar of Hepliaklqana.
  8037 | D:9      | Noticed a two-headed ogre
  8052 | D:9      | Killed a two-headed ogre
  8055 | D:9      | Noticed a two-headed ogre
  8064 | D:9      | Killed a two-headed ogre
  8413 | D:9      | Noticed a catoblepas
  8413 | D:9      | Received a gift from Okawaru
  8434 | D:9      | Killed a catoblepas
  8690 | D:9      | Noticed Erolcha
  8707 | D:9      | Killed Erolcha
  9073 | D:9      | Found a sparkling altar of Nemelex Xobeh.
  9207 | D:9      | You fall into a shaft and drop 2 floors!
  9222 | D:11     | Received a gift from Okawaru
  9324 | D:11     | Reached XP level 12. HP: 35/91 MP: 22/22
  9485 | D:10     | Entered Level 10 of the Dungeon
  9521 | D:10     | Noticed a two-headed ogre
  9522 | D:10     | a two-headed ogre changed into an eye of devastation
  9867 | D:9      | Noticed a two-headed ogre
  9882 | D:9      | Killed a two-headed ogre
 10121 | D:10     | Identified 2 scrolls of acquirement
 10121 | D:10     | Acquired the +15 Maxwell's patent armour {-Cast -Tele rElec
                  | Will+ rCorr}
 10121 | D:10     | Found the +15 Maxwell's patent armour {-Cast -Tele rElec
                  | Will+ rCorr}
 10133 | D:10     | Acquired 979 gold pieces
 10349 | D:10     | Noticed a two-headed ogre
 10361 | D:10     | Killed a two-headed ogre
 10771 | D:11     | Reached ****** piety under Okawaru
 10779 | D:11     | Acquired a +1 arbalest of flaming
 10779 | D:11     | Received a gift from Okawaru
 10781 | D:11     | Acquired the +0 cloak "Lashreob" {rElec rN+ Str+4}
 10781 | D:11     | Received a gift from Okawaru
 10838 | D:11     | Received a gift from Okawaru
 10845 | D:11     | Reached skill level 10 in Evocations
 10866 | D:11     | Identified the +0 trident of Departure {flame, *Noise rN+
                  | Will++}
 10910 | D:11     | Found a staircase to the Lair.
 11114 | D:12     | Noticed a boulder beetle
 11137 | D:12     | Learned a level 2 spell: Poisonous Vapours
 11145 | D:12     | Noticed a soul eater
 11249 | D:12     | Killed a boulder beetle
 11336 | D:12     | Found a staircase to the Orcish Mines.
 11339 | D:12     | Noticed a two-headed ogre
 11347 | D:12     | Killed a two-headed ogre
 11471 | D:12     | Received a gift from Okawaru
 11491 | D:12     | Reached XP level 13. HP: 34/99 MP: 24/24
 11944 | Orc:1    | Entered Level 1 of the Orcish Mines
 12284 | Orc:1    | Found a dark tunnel.
 12292 | Volcano  | Entered a volcano
 12326 | Volcano  | Received a gift from Okawaru
 12583 | Volcano  | Noticed an orb of fire
 12648 | Volcano  | Noticed an orb of fire
 13078 | Orc:1    | Received a gift from Okawaru
 13110 | Orc:2    | Entered Level 2 of the Orcish Mines
 13110 | Orc:2    | Found a staircase to the Elven Halls.
 13233 | Orc:2    | Noticed Nergalle
 13293 | Orc:2    | Killed Nergalle
 13508 | Orc:2    | Noticed an orc warlord
 13527 | Orc:2    | Reached skill level 10 in Armour
 13527 | Orc:2    | Reached skill level 11 in Evocations
 13540 | Orc:2    | Killed an orc warlord
 13540 | Orc:2    | Received a gift from Okawaru
 13670 | Orc:2    | Reached XP level 14. HP: 92/108 MP: 27/27
 13670 | Orc:2    | Noticed Urug
 13697 | Orc:2    | Killed Urug
 13844 | Orc:2    | Received a gift from Okawaru
 13917 | Orc:2    | Found Ukafamn's Antique Armour Shop.
 13933 | Orc:2    | Found Rukhloshra's General Store.
 13940 | Orc:2    | Bought a scroll of identify for 26 gold pieces
 13940 | Orc:2    | Bought a scroll of identify for 26 gold pieces
 13940 | Orc:2    | Bought a potion of brilliance for 52 gold pieces
 13940 | Orc:2    | Bought a scroll of teleportation for 39 gold pieces
 13951 | Orc:2    | Found Fopob's Antique Weapon Shop.
 13966 | Orc:2    | Found a runed translucent gate.
 13967 | Orc:2    | Found a runed translucent gate.
 13968 | Orc:2    | Found a runed translucent gate.
 13984 | Orc:2    | Noticed MrSquiggles's ghost (journeyman MiFi)
 14157 | Orc:2    | Found Riot's Jewellery Shop.
 14419 | Orc:2    | Killed MrSquiggles's ghost
 14439 | Orc:2    | Reached skill level 10 in Invocations
 14641 | Lair:1   | Entered Level 1 of the Lair of Beasts
 14757 | Lair:1   | Received a gift from Okawaru
 14771 | Lair:1   | Identified the +4 long sword "Tuoruek" {heavy, Fragile rC+
                  | Will+ Stlth+}
 15617 | Lair:2   | Found a staircase to the Swamp.
 15642 | Lair:2   | Received a gift from Okawaru
 16181 | Lair:3   | Reached skill level 10 in Fighting
 16181 | Lair:3   | Reached skill level 10 in Dodging
 16188 | Lair:3   | Found a hole to the Spider Nest.
 16262 | Lair:3   | You fall into a shaft and drop 1 floor!
 16363 | Lair:3   | Found a frozen archway.
 16372 | IceCv    | Entered an ice cave
 16423 | IceCv    | Reached skill level 10 in Stealth
 16432 | IceCv    | Acquired the +1 pair of boots of the Holding Gods {rN+++
                  | Regen+ Str-2 Dex+4}
 16998 | Lair:3   | Received a gift from Okawaru
 17509 | Swamp:1  | Entered Level 1 of the Swamp
 17701 | Swamp:1  | Reached XP level 15. HP: 115/115 MP: 28/28
 17817 | Swamp:1  | Reached skill level 10 in Short Blades
 17817 | Swamp:1  | Reached skill level 10 in Long Blades
 17817 | Swamp:1  | Reached skill level 10 in Axes
 17817 | Swamp:1  | Reached skill level 10 in Maces & Flails
 17817 | Swamp:1  | Reached skill level 10 in Polearms
 17817 | Swamp:1  | Reached skill level 10 in Staves
 17817 | Swamp:1  | Reached skill level 10 in Ranged Weapons
 17817 | Swamp:1  | Reached skill level 10 in Throwing
 17817 | Swamp:1  | Reached skill level 10 in Shields
 17817 | Swamp:1  | Reached skill level 10 in Unarmed Combat
 17817 | Swamp:1  | Reached skill level 10 in Spellcasting
 17862 | Swamp:1  | Received a gift from Okawaru
 17873 | Swamp:1  | Noticed a fenstrider witch
 17876 | Swamp:1  | Killed a fenstrider witch
 17941 | Swamp:1  | Reached skill level 12 in Evocations
 18144 | Swamp:2  | Noticed a fenstrider witch
 18155 | Swamp:2  | Killed a fenstrider witch
 18325 | Swamp:2  | Received a gift from Okawaru
 18966 | Swamp:3  | Received a gift from Okawaru
 19417 | Swamp:4  | Entered Level 4 of the Swamp
 19594 | Swamp:4  | Received a gift from Okawaru
 19635 | Swamp:4  | HP: 4/118 [hornet[a shambling mangrove] (7)]
 19635 | Swamp:4  | Constricted to death by a shambling mangrove

Illustrated notes

Levels and vault maps discovered:
D:1:      onia_arrival_handbag, layout_basic,
          ebering_ecumenical_altar_abandoned, serial_shops,
          nicolae_shop_hallway_stairs, minmay_misc_feat_tower
D:2:      layout_loops_cross, guppyfry_early_orc_mine
D:3:      layout_rooms, nicolae_wu_jian_immortal_techniques
D:4:      layout_rooms, nicolae_kikubaaqudgha_miasma_corner,
          nicolae_ashenzari_skybound, temple_green, uniq_blork_the_orc,
          uniq_eustachio
D:5:      layout_cave_pools, lemuel_doored_altar, serial_park,
          serial_park_square3 [serial_park_minivault_5x5_7], serial_park_gazebo
          [serial_park_minivault_5x5_1], serial_park_tiny_pond,
          serial_park_tiny_1, minmay_misc_feat_chi
D:6:      layout_basic, enter_ossuary_1
D:7:      minmay_s_stair_smasher, layout_cave_pools, zin_statuary,
          roderic_lattice_a, uniq_joseph
D:8:      layout_rooms, mainiacjoe_overflow_alcove_4, marbit_many_paths,
          lemuel_tele_altar, tgw_fedhas, uniq_grum, uniq_amaemon, uniq_maggie,
          uniq_prince_ribbit1
D:9:      lemuel_ogre_cave, layout_long_grid, mainiacjoe_overflow_boulevard,
          mainiacjoe_overflow_cross_hatched,
          mainiacjoe_overflow_surrounded_room,
          mainiacjoe_overflow_six_doors_small, abandoned_shop
D:10:     layout_loops_corners, minivault_19
D:11:     layout_rooms, lair_entry_dummy
D:12:     layout_roguey, orc_0_dummy, corexii_hall_statues_t
Temple:   kb_corrupted_temple
Lair:1:   layout_layer_cave, serial_bayou_crossing, grunt_megastairs_1
Lair:2:   layout_hall_layers, skrybe_swamp_entry_bodies
Lair:3:   layout_regular_city, spider_nest_entry_web_field,
          portal_ice_cave_entry_pillars_2, kennysheep_rathole
Lair:4:   layout_roguey, slime_entry_2
Swamp:1:  layout_falls_marsh, evilmike_swamp_ruin_rubble_2
Swamp:2:  layout_basic_swamp, hangedman_swamp_ruin_wall, swamp_pool_5
Swamp:3:  layout_basic_swamp, evilmike_swamp_ruin_house_5
Swamp:4:  swamp_basic_johnstein, layout_basic_swamp, gammafunk_ghost_split
Orc:1:    layout_diamond_mine, enter_volcano_2, hangedman_minor_magic
Orc:2:    grunt_orc_cross, layout_diamond_mine, maelrawn_ghost_gauntlet_escape

Skill      XL: |  1  2  3  4  5  6  7  8  9 10 11 12 13 14 15 |
---------------+----------------------------------------------+-----
Invocations    | 1 2 3 4 5 6 7 8 9 10 11 | 11.6
Short Blades   | 1 2 3 4 5 6 7 9 10 | 10.7
Long Blades    | 1 2 3 4 5 6 7 9 10 | 10.7
Axes           | 1 2 3 4 5 6 7 9 10 | 10.7
Maces & Flails | 1 2 3 4 5 6 7 9 10 | 10.7
Polearms       | 1 2 3 4 5 6 7 9 10 | 10.7
Staves         | 1 2 3 4 5 6 7 9 10 | 10.7
Ranged Weapons | 1 2 3 4 5 6 7 9 10 | 10.7
Throwing       | 1 2 3 4 5 6 7 9 10 | 10.7
Shields        | 1 2 3 4 5 6 7 9 10 | 10.7
Unarmed Combat | 1 2 3 4 5 6 7 9 10 | 10.7
Spellcasting   | 1 2 3 4 5 6 7 9 10 | 10.7
Shapeshifting  | 1 2 3 4 5 6 7 8 9 |  9.8
Conjurations   | 1 2 3 4 5 6 7 8 9 |  9.0
Hexes          | 1 2 3 4 5 6 7 8 9 |  9.0
Summonings     | 1 2 3 4 5 6 7 8 9 |  9.0
Necromancy     | 1 2 3 4 5 6 7 8 9 |  9.0
Translocations | 1 2 3 4 5 6 7 8 9 |  9.0
Transmutations | 1 2 3 4 5 6 7 8 9 |  9.0
Fire Magic     | 1 2 3 4 5 6 7 8 9 |  9.0
Ice Magic      | 1 2 3 4 5 6 7 8 9 |  9.0
Air Magic      | 1 2 3 4 5 6 7 8 9 |  9.0
Earth Magic    | 1 2 3 4 5 6 7 8 9 |  9.0
Poison Magic   | 1 2 3 4 5 6 7 8 9 |  9.0
Fighting       | 3 4 5 6 7 8 9 10 11 | 11.0
Dodging        | 3 4 5 6 7 8 9 10 11 | 11.0
Armour         | 5 6 7 8 9 10 11 | 11.6
Stealth        | 3 4 5 6 7 8 9 10 11 | 11.0
Evocations     | 7 8 9 10 11 12 | 12.4

Action                     |  1- 3 |  4- 6 |  7- 9 | 10-12 | 13-15 || total
---------------------------+-------+-------+-------+-------+-------++-------
  Melee: Whip              |   126 |   109 |   305 |   107 |       ||   647
         Bite              |    12 |    14 |    59 |   120 |   332 ||   537
         Punch             |     1 |     4 |    16 |    25 |       ||    46
         Mace              |       |       |   135 |    37 |       ||   172
         Demon whip        |       |       |       |    46 |       ||    46
         Lance             |       |       |       |   659 |  2248 ||  2907
   Fire: Orcbow            |       |       |       |     4 |       ||     4
  Throw: Dart              |       |       |       |     2 |    12 ||    14
         Javelin           |       |       |       |     1 |     7 ||     8
   Cast: Fulminant Prism   |       |       |       |     1 |       ||     1
 Invoke: Receive Weapon    |       |       |       |     1 |       ||     1
         Receive Armour    |       |       |       |     1 |       ||     1
  Evoke: Wand              |       |     6 |    13 |    17 |    12 ||    48
    Use: Scroll            |       |     9 |     6 |     9 |    12 ||    36
         Potion            |       |       |     3 |     1 |     6 ||    10
   Stab: Sleeping          |     2 |       |    15 |     2 |       ||    19
         Invisible         |       |       |     4 |     2 |     5 ||    11
         Distracted        |       |       |       |     2 |       ||     2
 Armour: Ring mail         |   104 |    93 |    96 |       |       ||   293
         Troll leather arm |       |       |   139 |   159 |       ||   298
         Swamp dragon scal |       |       |       |   169 |       ||   169
         Acid dragon scale |       |       |       |    26 |       ||    26
         Plate armour      |       |       |       |   178 |  1452 ||  1630
  Dodge: Dodged            |    84 |    79 |   231 |   330 |   549 ||  1273
  Block: Buckler           |       |       |       |    69 |   235 ||   304
         Kite shield       |       |       |       |       |   378 ||   378
   Form: Beast             |       |       |     1 |       |       ||     1
                           |       |       |     1 |       |       ||     1

Table legend: (Time is in decaauts)
 A = Elapsed time spent in this place.
 B = Non-inter-level travel time spent in this place.
 C = Inter-level travel time spent in this place.
 D = Time resting spent in this place.
 E = Time spent auto-exploring this place.
 F = Levels seen in this place.
 G = Mean time per level.
                   A        B        C        D        E       F      G
               +--------+--------+--------+--------+--------+-----+--------+
         Total |  18924 |  18030 |    894 |   1868 |   9525 |  26 |  727.8 |
       Dungeon |  11422 |  10820 |    602 |   1733 |   5699 |  12 |  951.8 |
        Temple |     36 |      1 |     35 |      0 |      0 |   1 |   36.0 |
          Lair |   2401 |   2290 |    111 |      0 |   1608 |   4 |  600.2 |
         Swamp |   2070 |   2017 |     53 |     40 |   1101 |   4 |  517.5 |
  Orcish Mines |   1886 |   1795 |     91 |      0 |    907 |   2 |  943.0 |
       Ossuary |    390 |    390 |      0 |      0 |    134 |   1 |  390.0 |
      Ice Cave |    249 |    249 |      0 |     25 |      9 |   1 |  249.0 |
       Volcano |    466 |    466 |      0 |     69 |     65 |   1 |  466.0 |
               +--------+--------+--------+--------+--------+-----+--------+

Top non-repeatable levels by time:
     D:9: 1626 daAuts
     D:7: 1288 daAuts
   Orc:2: 1189 daAuts
     D:6: 1132 daAuts
     D:1: 1006 daAuts
  Lair:3: 973 daAuts
    D:10: 964 daAuts
     D:8: 940 daAuts
     D:5: 933 daAuts
     D:4: 857 daAuts
    D:12: 853 daAuts
  Lair:2: 819 daAuts
 Swamp:2: 767 daAuts
   Orc:1: 696 daAuts
     D:2: 686 daAuts
